 Dungeon Crawl Stone Soup version 0.20-a0-351-gc9b4002 (webtiles) character file.

270 siimphh the Shield-Bearer (level 6, -1/38 HPs)
             Began as a Gargoyle Fighter on Dec 26, 2016.
             Killed by divine providence
             ... invoked by an orc priest
              (13 damage)
             ... on level 3 of the Dungeon.
             The game lasted 00:16:51 (2012 turns).

siimphh the Shield-Bearer (Gargoyle Fighter)        Turns: 2012, Time: 00:16:51

Health: -1/38      AC: 12    Str: 22    XL:     6   Next: 22%
Magic:  6/6        EV:  6    Int:  8    God:
Gold:   90         SH: 14    Dex:  9    Spells: 5/5 levels left

rFire  . . .     SeeInvis .     a - +0 flail
rCold  . . .     Gourm    +     b - +0 scale mail
rNeg   + . .     Faith    .     j - +0 large shield
rPois  ∞         Spirit   .     d - +0 hat
rElec  +         Reflect  .     (no cloak)
rCorr  .         Harm     .     g - +0 pair of gloves
MR     .....     Rnd*Tele +     (no boots)
Stlth  ..........               h - amulet of the gourmand
                                (no ring)
                                o - ring of teleportation (curse)

@: no status effects
A: negative energy resistance 1, electricity resistance, unbreathing,
petrification resistance, rot immunity, AC +4
a: no special abilities


You were on level 3 of the Dungeon.
You were hungry.

You visited 1 branch of the dungeon, and saw 3 of its levels.

You collected 90 gold pieces.

Inventory:

Hand Weapons
 a - a +0 flail (weapon)
 m - a +0 flail
Armour
 b - a +0 scale mail (worn)
 d - a +0 hat (worn)
 g - a +0 pair of gloves (worn)
 j - a +0 large shield (worn)
Jewellery
 e - an uncursed amulet of rage
 h - an amulet of the gourmand (around neck)
 o - a cursed ring of teleportation (left hand)
Wands
 c - a wand of random effects (16/48)
Scrolls
 p - a scroll of amnesia {unknown}
Potions
 i - 2 potions of degeneration
 k - a potion of agility
 n - a potion of lignification
Comestibles
 f - a bread ration
 l - a slice of pizza


   Skills:
 + Level 4.1 Fighting
 + Level 4.0 Maces & Flails
 + Level 4.1 Armour
 + Level 1.1 Dodging
 + Level 0.2 Stealth
 + Level 4.7 Shields


You had 5 spell levels left.
You didn't know any spells.

Dungeon Overview and Level Annotations

Branches:
Dungeon (3/15)

Altars:


Innate Abilities, Weirdness & Mutations

You are resistant to torment.
Your stone body is resilient. (AC +4)
You are immune to poison.
You resist negative energy. (rN+)
You are resistant to electric shocks. (rElec)
You can survive without breathing.
You are immune to petrification.
You are immune to rotting.


Message History

The orc priest is wielding a vampiric whip.
The orc is wielding a dagger of venom.
You see here a stone.
The orc priest shouts!
The orc priest moves out of view.
The goblin shoots a stone.
The stone hits you but does no damage.
Found 14 gold pieces.
You see here a stone.
You see here a scroll labeled VEG HASOQIU.
p - a scroll labeled VEG HASOQIU The teleport trap disappears.
The quokka disappears!
The orc priest mumbles some strange prayers to Beogh against you.
Beogh smites you!
The goblin shoots a stone.
You block the stone.
The goblin shoots a stone.
You block the stone.
You see here a stone.
The orc priest invokes the aid of Beogh against you.
Beogh smites you!
* * * LOW HITPOINT WARNING * * *
The orc priest calls down the wrath of Beogh upon you.
Beogh smites you!
You die...

######## .......######
............####
###.##.####.#..############### #.
#.# #.....@............####
###$.#(####....###########.#.....
.....g(.(ro....# #...####
.....#...o...#.# ##.##
..#.#######.##.# ########.# . #.
#.##.. .........# # #.#####
########%# #.# #.# #.# #.#####


You could see 2 orc priests and a quokka.

Vanquished Creatures
  Sigmund (D:2)
  A gnoll (D:1)
  6 adders
  An ooze (D:2)
  2 worms (D:2)
  A dart slug (D:3)
  2 leopard geckos (D:2)
  2 giant cockroaches
  4 goblins
  4 hobgoblins
  4 kobolds
  4 bats
  3 frilled lizards
  3 rats
38 creatures vanquished.

Notes
Turn   | Place    | Note
-------+----------+-------------------------------------------
     0 | D:1      | siimphh the Gargoyle Fighter began the quest for the Orb.
     0 | D:1      | Reached XP level 1. HP: 14/14 MP: 1/1
     6 | D:1      | Noticed a redback
     6 | D:1      | Noticed a polar bear
     7 | D:1      | Noticed a lindwurm
     7 | D:1      | Noticed a six-headed hydra
   276 | D:1      | Reached XP level 2. HP: 15/19 MP: 2/2
   646 | D:2      | Reached XP level 3. HP: 23/23 MP: 3/3
   688 | D:1      | Reached XP level 4. HP: 13/28 MP: 4/4
  1198 | D:2      | Reached skill level 1 in Dodging
  1300 | D:2      | Noticed Sigmund
  1609 | D:2      | Killed Sigmund
  1609 | D:2      | Reached XP level 5. HP: 12/33 MP: 5/5
  1609 | D:2      | Reached XP level 6. HP: 14/38 MP: 6/6
  2012 | D:3      | Killed from afar by an orc priest

Vault maps used:
D:1:      onia_arrival_zoo_common
D:2:      st_stairs_11, uniq_sigmund
D:3:      first_bread, kennysheep_okawaru_gauntlet, uniq_robin

Skill      XL: |  1  2  3  4  5  6 |
---------------+-------------------+-----
Shields        | 4 |  4.7
Dodging        | 1 |  1.1
Fighting       | 4 |  4.1
Maces & Flails | 3 4 |  4.0
Armour         | 4 |  4.1
Stealth        | |  0.2

Action                   |  1- 3 |  4- 6 || total
-------------------------+-------+-------++-------
Melee: Flail             |   111 |    84 ||   195
  Use: Potion            |     7 |     1 ||     8
       Scroll            |     2 |     3 ||     5
  Eat: Chunk             |       |     9 ||     9
Armor: Scale mail        |    93 |    24 ||   117
       Skin              |    29 |       ||    29
Dodge: Dodged            |    47 |    20 ||    67
Block: Large shield      |   145 |    60 ||   205
